3AAA
LÉVIS ROCKS @ WARWICK HUNCHBACKS
05/14/2017
 
TOP OF THE 1ST
Lévis Rocks batting - Pitching for Warwick Hunchbacks : RHP Willie Cameron
Pitching: RHP Willie Cameron
Batting: SHB Tim Eldridge 0-0: Swinging Strike
0-1: Foul Ball, location: 2F
0-2: Strikes out looking
Batting: RHB Bernardo Burgos 0-0: Ball
1-0: Foul Ball, location: 2F
1-1: Ball
2-1: SINGLE (Line Drive, 89M)
Batting: RHB Dan Holliday 0-0: Called Strike
0-1: Ball
1-1: Ball
2-1: Ball
3-1: Base on Balls
Bernardo Burgos to second
Batting: RHB Ernie McPherson 0-0: Ball
1-0: Called Strike
1-1: Called Strike
1-2: Foul Ball, location: 2F
1-2: Fly out, F6 (Line Drive, 6)
Batting: RHB Raúl Valadez 0-0: Called Strike
0-1: Ground out 6-3 (Groundball, 6)
Top of the 1st over - 0 run(s), 1 hit(s), 0 error(s), 2 left on base; Lévis 0 - Warwick 0
BOTTOM OF THE 1ST
Warwick Hunchbacks batting - Pitching for Lévis Rocks : LHP Pancho Vargas
Pitching: LHP Pancho Vargas
Batting: RHB Eric Russell 0-0: Called Strike
0-1: Ball
1-1: Ball
2-1: Reached on error, E6 (Groundball, 6)
Batting: RHB Chris Riles 0-0: Called Strike
0-1: Ball
1-1: Ball
2-1: Foul Ball, location: 2F
2-2: Foul Ball, location: 2F
2-2: Fly out, F7 (Flyball, 78M)
Batting: RHB Chris Simons 0-0: Ball
Eric Russell steals 2nd base
1-0: Foul Ball, location: 2F
1-1: Ball
2-1: Ball
3-1: Fly out, F8 (Flyball, 8LM)
Batting: RHB Julián Rocha 0-0: SINGLE (Groundball, 56D)
Eric Russell to third
Runner from 3rd tries for Home, SAFE, no throw or cutoff
Batting: LHB Ted Cracknell 0-0: Ball
1-0: Swinging Strike
1-1: Ball
2-1: Ball
3-1: Called Strike
3-2: Foul Ball, location: 2F
3-2: DOUBLE (Line Drive, 9LS)
Julián Rocha to third
Julián Rocha scores
Batting: RHB Freddy Scott 0-0: SINGLE (Line Drive, 78S)
Ted Cracknell to third
Runner from 3rd tries for Home, SAFE, no throw or cutoff
Batting: RHB Jim Browning 0-0: Called Strike
0-1: Ball
1-1: Fly out, F7 (Flyball, 78M)
Bottom of the 1st over - 3 run(s), 3 hit(s), 1 error(s), 1 left on base; Lévis 0 - Warwick 3
TOP OF THE 2ND
Lévis Rocks batting - Pitching for Warwick Hunchbacks : RHP Willie Cameron
Batting: SHB Bartolo Fernández 0-0: Swinging Strike
0-1: Swinging Strike
0-2: Foul Ball, location: 2F
0-2: Foul Ball, location: 2F
0-2: Ball
1-2: Ball
2-2: Ball
3-2: Strikes out swinging
Batting: SHB Monte Adams 0-0: Foul Ball, location: 2F
0-1: Ball
1-1: DOUBLE (Line Drive, 9LS)
Batting: LHB Jim Unknown 0-0: Called Strike
0-1: Ground out 4-3 (Groundball, 4)
Monte Adams to third
Batting: LHB Jim Unknown 0-0: Called Strike
0-1: Foul Ball, location: 2F
0-2: Ball
1-2: Ball
2-2: Fly out, F7 (Flyball, 7M)
Top of the 2nd over - 0 run(s), 1 hit(s), 0 error(s), 1 left on base; Lévis 0 - Warwick 3
BOTTOM OF THE 2ND
Warwick Hunchbacks batting - Pitching for Lévis Rocks : LHP Pancho Vargas
Batting: LHB Ron Wallace 0-0: Swinging Strike
0-1: Foul Ball, location: 2F
0-2: Ball
1-2: Foul Ball, location: 2F
1-2: Ball
2-2: Strikes out swinging
Batting: LHB Javier Pérez 0-0: Ball
1-0: Ball
2-0: Fly out, F5 (Popup, 5DF)
Batting: RHB Eric Russell 0-0: Called Strike
0-1: Ball
1-1: Foul Ball, location: 2F
1-2: Ground out 4-3 (Groundball, 4)
Bottom of the 2nd over - 0 run(s), 0 hit(s), 0 error(s), 0 left on base; Lévis 0 - Warwick 3
TOP OF THE 3RD
Lévis Rocks batting - Pitching for Warwick Hunchbacks : RHP Willie Cameron
Batting: SHB Tim Eldridge 0-0: Foul Ball, location: 2F
0-1: Foul Ball, location: 2F
0-2: TRIPLE (Line Drive, 89M)
Batting: RHB Bernardo Burgos 0-0: Foul Ball, location: 2F
0-1: Fly out, F9 (Line Drive, 9LM)
Runner from 3rd tags up, SCORES, no throw
Batting: RHB Dan Holliday 0-0: Ball
1-0: Foul Ball, location: 2F
1-1: Swinging Strike
1-2: Foul Ball, location: 2F
1-2: Ground out 5-3 (Groundball, 56S)
Batting: RHB Ernie McPherson 0-0: Called Strike
0-1: Swinging Strike
0-2: Foul Ball, location: 2F
0-2: Ball
1-2: Ball
2-2: Foul Ball, location: 2F
2-2: Ball
3-2: Base on Balls
Batting: RHB Raúl Valadez 0-0: Ball
1-0: Ball
2-0: Ball
Passed Ball!
Ernie McPherson to second
3-0: Called Strike
3-1: Called Strike
3-2: Fly out, F4 (Line Drive, 4)
Top of the 3rd over - 1 run(s), 1 hit(s), 0 error(s), 1 left on base; Lévis 1 - Warwick 3
BOTTOM OF THE 3RD
Warwick Hunchbacks batting - Pitching for Lévis Rocks : LHP Pancho Vargas
Batting: RHB Chris Riles 0-0: Called Strike
0-1: Foul Ball, location: 2F
0-2: Ball
1-2: SINGLE (Line Drive, 9S)
Batting: RHB Chris Simons 0-0: Ball
1-0: Called Strike
1-1: SINGLE (Line Drive, 7S)
Chris Riles to second
Batting: RHB Julián Rocha 0-0: Ball
1-0: Foul Ball, location: 2F
1-1: Swinging Strike
1-2: Ball
2-2: Ball
3-2: Foul Ball, location: 2F
3-2: SINGLE (Line Drive, 8LS)
Chris Riles to third
Chris Simons to second
Batting: LHB Ted Cracknell 0-0: Foul Ball, location: 2F
0-1: Swinging Strike
0-2: Ball
1-2: Foul Ball, location: 2F
1-2: Foul Ball, location: 2F
1-2: Foul Ball, location: 2F
1-2: Foul Ball, location: 2F
1-2: Foul Ball, location: 2F
1-2: Strikes out swinging
Batting: RHB Freddy Scott 0-0: Called Strike
0-1: Ball
1-1: Called Strike
1-2: Ball
2-2: Ball
3-2: Base on Balls
Chris Riles scores
Chris Simons to third
Julián Rocha to second
Batting: RHB Jim Browning 0-0: Ball
Single, Error in OF, E7, batter to second base
Chris Simons scores
Julián Rocha scores
Freddy Scott to third
Pitching: LHP Jim Unknown
Batting: LHB Ron Wallace 0-0: Swinging Strike
0-1: Ball
1-1: Ball
2-1: Foul Ball, location: 2F
2-2: Foul Ball, location: 2F
2-2: Strikes out looking
Batting: LHB Javier Pérez 0-0: Called Strike
0-1: Called Strike
0-2: Fly out, F4 (Line Drive, 4)
Bottom of the 3rd over - 3 run(s), 4 hit(s), 1 error(s), 2 left on base; Lévis 1 - Warwick 6
TOP OF THE 4TH
Lévis Rocks batting - Pitching for Warwick Hunchbacks : RHP Willie Cameron
Batting: SHB Bartolo Fernández 0-0: Ground out 5-3 (Groundball, 56)
Batting: SHB Monte Adams 0-0: Swinging Strike
0-1: Foul Ball, location: 2F
0-2: Foul Ball, location: 2F
0-2: Ball
1-2: Strikes out swinging
Batting: LHB Jim Unknown 0-0: Foul Ball, location: 2F
0-1: Ball
1-1: Ball
2-1: SINGLE (Groundball, 4MD)
Batting: LHB Jim Unknown 0-0: Ball
1-0: Ball
2-0: Called Strike
2-1: Foul Ball, location: 2F
2-2: Strikes out swinging
Top of the 4th over - 0 run(s), 1 hit(s), 0 error(s), 1 left on base; Lévis 1 - Warwick 6
BOTTOM OF THE 4TH
Warwick Hunchbacks batting - Pitching for Lévis Rocks : LHP Jim Unknown
Batting: RHB Eric Russell 0-0: Ball
1-0: Called Strike
1-1: Called Strike
1-2: Ball
2-2: Fly out, F8 (Flyball, 8LD)
Batting: RHB Chris Riles 0-0: Foul Ball, location: 2F
0-1: Swinging Strike
0-2: Foul Ball, location: 2F
0-2: Foul Ball, location: 2F
0-2: Ball
1-2: Ball
2-2: Strikes out swinging
Batting: RHB Chris Simons 0-0: Called Strike
0-1: Ball
1-1: Foul Ball, location: 2F
1-2: Ball
2-2: Fly out, F9 (Flyball, 89M)
Bottom of the 4th over - 0 run(s), 0 hit(s), 0 error(s), 0 left on base; Lévis 1 - Warwick 6
TOP OF THE 5TH
Lévis Rocks batting - Pitching for Warwick Hunchbacks : RHP Willie Cameron
Batting: SHB Tim Eldridge 0-0: Ball
1-0: Called Strike
1-1: Swinging Strike
1-2: Ball
2-2: Strikes out looking
Batting: RHB Bernardo Burgos 0-0: Ball
1-0: Called Strike
1-1: Foul Ball, location: 2F
1-2: Strikes out looking
Batting: RHB Dan Holliday 0-0: Ground out 4-3 (Groundball, 4)
Top of the 5th over - 0 run(s), 0 hit(s), 0 error(s), 0 left on base; Lévis 1 - Warwick 6
BOTTOM OF THE 5TH
Warwick Hunchbacks batting - Pitching for Lévis Rocks : LHP Jim Unknown
Batting: RHB Julián Rocha 0-0: Ball
1-0: Foul Ball, location: 2F
1-1: Fly out, F9 (Flyball, 9LD)
Batting: LHB Ted Cracknell 0-0: Called Strike
0-1: Ball
1-1: Ground out 4-3 (Groundball, 34)
Batting: RHB Freddy Scott 0-0: Ball
1-0: Fly out, F3 (Popup, 3L)
Bottom of the 5th over - 0 run(s), 0 hit(s), 0 error(s), 0 left on base; Lévis 1 - Warwick 6
TOP OF THE 6TH
Lévis Rocks batting - Pitching for Warwick Hunchbacks : RHP Willie Cameron
Batting: RHB Ernie McPherson 0-0: Called Strike
0-1: Ball
1-1: Ball
2-1: Swinging Strike
2-2: Ball
3-2: Foul Ball, location: 2F
3-2: Base on Balls
Batting: RHB Raúl Valadez 0-0: Swinging Strike
0-1: Ball
1-1: Swinging Strike
1-2: Strikes out swinging
Batting: SHB Bartolo Fernández 0-0: Ball
1-0: Ball
2-0: Swinging Strike
2-1: Ball
3-1: Base on Balls
Ernie McPherson to second
Batting: SHB Monte Adams 0-0: Ball
Wild Pitch!
Ernie McPherson to third
Bartolo Fernández to second
1-0: Ball
2-0: Ground out 4-3 (Groundball, 4M)
Ernie McPherson scores
Bartolo Fernández to third
Batting: LHB Jim Unknown 0-0: Foul Ball, location: 2F
0-1: Foul Ball, location: 2F
0-2: Foul Ball, location: 2F
0-2: SINGLE (Line Drive, 4MD)
Bartolo Fernández scores
Batting: LHB Jim Unknown 0-0: Called Strike
0-1: Called Strike
0-2: Ball
1-2: Foul Ball, location: 2F
1-2: Ball
2-2: Foul Ball, location: 2F
2-2: Fly out, F8 (Flyball, 8LM)
Top of the 6th over - 2 run(s), 1 hit(s), 0 error(s), 1 left on base; Lévis 3 - Warwick 6
BOTTOM OF THE 6TH
Warwick Hunchbacks batting - Pitching for Lévis Rocks : LHP Jim Unknown
Batting: RHB Jim Browning 0-0: Ball
1-0: Ground out 5-3 (Groundball, 56S)
Batting: LHB Ron Wallace 0-0: Foul Ball, location: 2F
0-1: Foul Ball, location: 2F
0-2: Foul Ball, location: 2F
0-2: Ball
1-2: Strikes out swinging
Batting: LHB Javier Pérez 0-0: Called Strike
0-1: Ball
1-1: Foul Ball, location: 2F
1-2: Ball
2-2: Ball
3-2: Strikes out swinging
Bottom of the 6th over - 0 run(s), 0 hit(s), 0 error(s), 0 left on base; Lévis 3 - Warwick 6
TOP OF THE 7TH
Lévis Rocks batting - Pitching for Warwick Hunchbacks : RHP Willie Cameron
Batting: SHB Tim Eldridge 0-0: Foul Ball, location: 2F
0-1: Ball
1-1: Ball
2-1: Foul Ball, location: 2F
2-2: Ball
3-2: Strikes out swinging
Batting: RHB Bernardo Burgos 0-0: Swinging Strike
0-1: Ball
1-1: Foul Ball, location: 2F
1-2: Foul Ball, location: 2F
1-2: SOLO HOME RUN (Flyball, 9D), Distance : 346 ft
Pitching: RHP Victor Powell
Batting: RHB Dan Holliday 0-0: Called Strike
0-1: Ball
1-1: Swinging Strike
1-2: Strikes out swinging
Batting: RHB Ernie McPherson 0-0: Called Strike
0-1: Ball
1-1: Ground out 5-3 (Groundball, 15S)
Top of the 7th over - 1 run(s), 1 hit(s), 0 error(s), 0 left on base; Lévis 4 - Warwick 6
BOTTOM OF THE 7TH
Warwick Hunchbacks batting - Pitching for Lévis Rocks : LHP Jim Unknown
Pitching: RHP Eduardo Estrada
Batting: RHB Eric Russell 0-0: Ball
1-0: Ball
2-0: Called Strike
2-1: Called Strike
2-2: Ball
3-2: Base on Balls
Batting: RHB Chris Riles 0-0: Ball
1-0: Ball
2-0: Called Strike
2-1: Foul Ball, location: 2F
2-2: Ball
3-2: DOUBLE (Flyball, 9LS)
Eric Russell to third
Batting: RHB Chris Simons 0-0: Intentional Walk
Pinch Hitting: RHB Nick McKnight 0-0: Ball
1-0: Ball
2-0: Fly out, F3 (Popup, 3F)
Pitching: LHP Félix Aguilar
Pinch Hitting: RHB Travis Turner 0-0: Ball
1-0: Swinging Strike
1-1: DOUBLE (Flyball, 78M)
Eric Russell scores
Chris Riles scores
Chris Simons to third
Pitching: LHP Jim Unknown
Batting: RHB Freddy Scott 0-0: Ball
1-0: Foul Ball, location: 2F
1-1: Foul Ball, location: 2F
1-2: Ball
2-2: Ball
3-2: Base on Balls
Batting: RHB Jim Browning 0-0: Ball
1-0: DOUBLE (Line Drive, 9LD)
Chris Simons scores
Travis Turner scores
Freddy Scott to third
Batting: LHB Ron Wallace 0-0: Ball
1-0: Called Strike
1-1: Called Strike
1-2: Foul Ball, location: 2F
1-2: Strikes out looking
Batting: LHB Javier Pérez 0-0: Ball
1-0: Ball
2-0: Called Strike
2-1: Swinging Strike
2-2: Ground out U3 (Groundball, 3S)
Bottom of the 7th over - 4 run(s), 3 hit(s), 0 error(s), 2 left on base; Lévis 4 - Warwick 10
TOP OF THE 8TH
Lévis Rocks batting - Pitching for Warwick Hunchbacks : RHP Victor Powell
Now at C: David Barrett
Now at 3B: Nick McKnight
Now in LF: Travis Turner
Batting: RHB Raúl Valadez 0-0: Ball
1-0: Ball
2-0: Called Strike
2-1: Swinging Strike
2-2: Fly out, F9 (Flyball, 89D)
Batting: SHB Bartolo Fernández 0-0: SINGLE (Groundball, 34D)
Batting: SHB Monte Adams 0-0: Swinging Strike
0-1: Ground out U3 (Groundball, 3S)
Bartolo Fernández to second
Batting: LHB Jim Unknown 0-0: Foul Ball, location: 2F
0-1: Foul Ball, location: 2F
0-2: Ball
1-2: Ball
2-2: Strikes out swinging
Top of the 8th over - 0 run(s), 1 hit(s), 0 error(s), 1 left on base; Lévis 4 - Warwick 10
BOTTOM OF THE 8TH
Warwick Hunchbacks batting - Pitching for Lévis Rocks : LHP Jim Unknown
Batting: RHB Eric Russell 0-0: Ball
1-0: Ground out 4-3 (Groundball, 4MS)
Batting: RHB Chris Riles 0-0: Ball
1-0: Called Strike
1-1: Foul Ball, location: 2F
1-2: Ball
2-2: Ball
3-2: Base on Balls
Batting: RHB Chris Simons 0-0: Ball
1-0: Called Strike
1-1: Foul Ball, location: 2F
1-2: Ball
Chris Riles steals 2nd base
2-2: Ground out 6-3 (Groundball, 6)
Chris Riles to third
Batting: RHB Nick McKnight 0-0: Ball
1-0: DOUBLE (Line Drive, 3D)
Chris Riles scores
Batting: RHB Travis Turner 0-0: Foul Ball, location: 2F
0-1: Swinging Strike
0-2: Foul Ball, location: 2F
0-2: Fly out, F7 (Flyball, 78M)
Bottom of the 8th over - 1 run(s), 1 hit(s), 0 error(s), 1 left on base; Lévis 4 - Warwick 11
TOP OF THE 9TH
Lévis Rocks batting - Pitching for Warwick Hunchbacks : RHP Victor Powell
Batting: LHB Jim Unknown 0-0: SINGLE (Groundball, 34D)
Batting: SHB Tim Eldridge 0-0: Fly out, F8 (Flyball, 8LS)
Batting: RHB Bernardo Burgos 0-0: Called Strike
0-1: Called Strike
0-2: Strikes out looking
Batting: RHB Dan Holliday 0-0: Ball
1-0: Ball
2-0: Ball
3-0: Called Strike
3-1: Foul Ball, location: 2F
3-2: Strikes out swinging
Top of the 9th over - 0 run(s), 1 hit(s), 0 error(s), 1 left on base; Lévis 4 - Warwick 11
This league is powered by Out of the Park Baseball, the baseball management simulation game for PC, Mac and Linux
Saturday, February 27th, 2021 - OOTP Baseball 15.6 Build 34